 Dungeon Crawl Stone Soup version 0.17-a0-2127-g1cb09f6 (webtiles) character file.

105 tp1 the Magician (level 4, -4/24 HPs)
             Began as a Deep Elf Conjurer on Oct 23, 2015.
             Hit by a large rock thrown by a cyclops (28 damage)
             ... on level 1 of the Dungeon.
             The game lasted 00:17:33 (8935 turns).

tp1 the Magician (Deep Elf Conjurer)                Turns: 8935, Time: 00:17:33

Health: -4/24      AC:  2    Str:  6    XL:     4   Next: 54%
Magic:  0/13       EV: 13    Int: 20    God:
Gold:   83         SH:  0    Dex: 15    Spells: 3 memorised, 8 levels left

rFire  . . .     SeeInvis .     n - +0 short sword
rCold  . . .     Clarity  .     a - +0 robe
rNeg   . . .     SustAt   .     (no shield)
rPois  .         Gourm    .     (no helmet)
rElec  .         Spirit   .     (no cloak)
rCorr  .         Warding  .     (no gloves)
rMut   .         Stasis   .     (no boots)
MR     .....                    (no amulet)
Stlth  ++........               (no ring)
                                (no ring)

@: not resistant to hostile enchantments, unstealthy
A: no striking features
a: no special abilities


You were on level 1 of the Dungeon.
You were not hungry.

You visited 1 branch of the dungeon, and saw 3 of its levels.

You collected 83 gold pieces.

Inventory:

Hand Weapons
 d - a +0 dagger
 h - a +0 short sword
 j - a +0 short sword
 n - a +0 short sword (weapon)
Armour
 a - a +0 robe (worn)
 v - a +0 leather armour
Scrolls
 f - 3 scrolls of remove curse {unknown}
 g - a scroll of immolation {unknown}
 k - 2 scrolls of enchant weapon {unknown}
 l - 2 scrolls of fear {unknown}
 o - 2 scrolls of blinking {unknown}
 p - a scroll of magic mapping {unknown}
 r - 4 scrolls of identify {unknown}
 s - a scroll of teleportation {unknown}
 u - a scroll of fog {unknown}
Potions
 e - a potion of curing {unknown}
 i - a potion of agility {unknown}
 m - 3 potions of flight {unknown}
 q - a potion of heal wounds {unknown}
 t - a potion of might {unknown}
 w - a potion of resistance {unknown}
Books
 b - a book of Conjurations

   Spells                             Type                      Level
   a - Magic Dart                     Conjuration                  1
   b - Searing Ray                    Conjuration                  2
   c - Dazzling Spray                 Conjuration/Hexes            3
   d - Fulminant Prism                Conjuration/Hexes            4
   e - Iskenderun's Mystic Blast      Conjuration                  4
   f - Iskenderun's Battlesphere      Conjuration/Charms           5
Comestibles
 c - 2 bread rations


   Skills:
 - Level 3.0 Dodging
 - Level 2.4 Stealth
 + Level 5.5 Spellcasting
 - Level 5.0 Conjurations


You had 8 spell levels left.
You knew the following spells:

 Your Spells              Type           Power        Failure   Level  Hunger
a - Magic Dart            Conj           ####         1%          1    None
b - Searing Ray           Conj           ####..       2%          2    None
c - Dazzling Spray        Conj/Hex       ###.....     14%         3    ##.....


Dungeon Overview and Level Annotations

Branches:
Dungeon (3/15)

Altars:
Fedhas
Gozag
The Shining One

Annotations:
D:2 1 exclusion


Message History

The cyclops is severely wounded.
Casting: Magic Dart
Confirm with . or Enter, or press ? or * to list all spells.
You don't have enough magic to cast that spell.
Unknown command.
There is a stone staircase leading down here.
You see here a large rock.
You see here a dagger.
You see here a club.
You start resting.
Casting: Magic Dart
Confirm with . or Enter, or press ? or * to list all spells.
Aiming: Magic Dart
Press: ? - help, Shift-Dir - straight line, f/p - cyclops
Aim: a cyclops (severely wounded)
The magic dart hits the cyclops.
The cyclops is almost dead.
The cyclops throws a large rock.
The large rock hits you!!
Ouch! That really hurt!
You die...

#.### #.# #....)..........
######...####.#
#..#.#.###.#####
..............# #..#.#.# #.#
# ########.###### #..#.#.#
#.##### #.# #....#.###......
########.#
#######(.#.......>####
......##.#
#............###.## #
#####.##.# #.#####.....## #.#
# #.##.# #..).@#..#..# #.# #
#.##.# #C##.#...#..####.#####
#.##.###.#.###...............
#.##.##..##.#.#.##...........
#.##.......C.##.##.......####
#.###....C##.##..........#
#.# ##...###.#####.......#
#.# ##.## #.# #.).....# #.#
#(# #.# #.......#


You could see a cyclops.

Vanquished Creatures
  4 adders
  An ooze (D:2)
  2 giant geckos
  An orc (D:3)
  7 bats
  A giant cockroach (D:1)
  11 hobgoblins
  A ball python (D:1)
  6 giant newts
  10 goblins
  6 kobolds
  3 quokkas
  12 rats
65 creatures vanquished.

Notes
Turn   | Place    | Note
--------------------------------------------------------------
     0 | D:1      | tp1 the Deep Elf Conjurer began the quest for the Orb.
     0 | D:1      | Reached XP level 1. HP: 10/10 MP: 6/6
   213 | D:1      | Reached XP level 2. HP: 15/15 MP: 5/8
  1874 | D:2      | Reached XP level 3. HP: 15/19 MP: 1/10
  2351 | D:2      | Found a blossoming altar of Fedhas.
  2467 | D:2      | Found a glowing golden altar of the Shining One.
  2554 | D:2      | Reached skill level 5 in Conjurations
  4621 | D:2      | Reached XP level 4. HP: 24/24 MP: 7/12
  4695 | D:2      | Found a glowing golden altar of the Shining One.
  4914 | D:2      | Found a blossoming altar of Fedhas.
  5017 | D:3      | Reached skill level 5 in Spellcasting
  5106 | D:3      | Found an opulent altar of Gozag.
  5110 | D:3      | Learned a level 2 spell: Searing Ray
  5114 | D:3      | Learned a level 3 spell: Dazzling Spray
  8917 | D:1      | Noticed a cyclops
  8935 | D:1      | Hit by a large rock thrown by a cyclops

Vault maps used:
D:1:      tarquinn_simple_flora_water_e
D:2:      old_standard_altar, tso_metal_star, minmay_large_rounded_square
D:3:      old_standard_altar, uniq_grinder

Action                   |  1- 3 |  4- 6 || total
-------------------------+-------+-------++-------
Melee: Short sword       |     6 |     1 ||     7
 Cast: Magic Dart        |    81 |    36 ||   117
       Dazzling Spray    |       |     3 ||     3
  Eat: Chunk             |    10 |     8 ||    18
       Meat ration       |       |     1 ||     1
       Fruit             |       |     1 ||     1
